 Dungeon Crawl Stone Soup version 0.23-a0-489-g205b0b6 (webtiles) character file.

46 tilp the Shooter (level 3, 0/31 HPs)
             Began as a Centaur Hunter on Dec 2, 2018.
             Slain by an adder (2 damage)
             ... on level 2 of the Dungeon.
             The game lasted 00:05:45 (1340 turns).

tilp the Shooter (Centaur Hunter)                   Turns: 1340, Time: 00:05:46

Health: 0/31       AC:  5    Str: 15    XL:     3   Next: 46%
Magic:  3/3        EV:  9    Int: 10    God:
Gold:   82         SH:  0    Dex:  9    Spells: 2/2 levels left

rFire    . . .     SeeInvis .   a - +2 shortbow
rCold    . . .     Gourm    .   (shield currently unavailable)
rNeg     . . .     Faith    .   c - +0 leather armour
rPois    .         Spirit   .   (no helmet)
rElec    .         Reflect  .   (no cloak)
rCorr    .         Harm     .   h - +0 pair of gloves
MR       .....                  (no barding)
Stlth    +.........             (no amulet)
HPRegen  0.10/turn              (no ring)
MPRegen  0.08/turn              (no ring)

@: lethally poisoned (0 -> -2), very quick
A: large, hooves 3, deformed body, speed 2, tough skin 3
a: no special abilities


You were on level 2 of the Dungeon.
You were not hungry.

You visited 1 branch of the dungeon, and saw 2 of its levels.

You collected 82 gold pieces.

Inventory:

Hand Weapons
 a - a +2 shortbow (weapon)
 b - a +0 short sword
 m - a +0 glaive
Missiles
 d - 21 arrows (quivered)
Armour
 c - a +0 leather armour (worn)
 h - a +0 pair of gloves (worn)
Jewellery
 e - a cursed +3 ring of protection {unknown}
 j - an uncursed ring of positive energy {unknown}
 n - an uncursed ring of see invisible {unknown}
Comestibles
 f - 2 rations
 g - 4 chunks of flesh


   Skills:
 + Level 3.1 Fighting
 + Level 6.2 Bows
 - Level 1.3 Dodging
 - Level 0.4 Stealth


You had 2 spell levels left.
You didn't know any spells.
Your spell library was empty.

Dungeon Overview and Level Annotations

Branches:
Dungeon (2/15)

Altars:


Innate Abilities, Weirdness & Mutations

You have hooves in place of feet.
Armour fits poorly on your strangely shaped body.
You cover ground very quickly.
You have extremely tough skin. (AC +3)


Message History

The adder bites you but does no damage. x2
Firing (i - inventory)
d - 22 arrows (quivered)
Press: ? - help, Shift-Dir - straight line, f/p - adder
Aim: an adder (severely wounded)
You shoot an arrow. The arrow barely misses the adder.
The adder closely misses you. The adder barely misses you.
As you read the scroll labeled RIODABUHYXT, it crumbles to dust.
It is a scroll of enchant weapon.
Your +1 shortbow glows red for a moment.
The adder bites you.
* * * LOW HITPOINT WARNING * * *
The adder bites you.
* * * LOW HITPOINT WARNING * * *
Unknown command.
As you read the scroll labeled OTATEDE SINO, it crumbles to dust.
You hear roaring flames.
It was a scroll of random uselessness.
* * * LOW HITPOINT WARNING * * *
You feel sick. The adder bites you.
You die...

#....# #........
#######....###.......#
...........(.).......#
.#########..##########
#.(# #.(##########
#.(.........#
##.##########(########.#
#.....S@S....(#......#.#
###############.####.#.#
#...<#...####.#.#
#รท####.####...#.#
#.......#.......#
######..#.#.#####
#..#.#...# #..#.###.#
#..#.....#


You could see 2 adders.

Vanquished Creatures
  A leopard gecko (D:1)
  2 ball pythons (D:1)
  5 bats
  5 giant cockroaches
  2 goblins (D:1)
  5 hobgoblins
  4 jackals (D:1)
  12 frilled lizards
  4 kobolds
  4 rats (D:1)
44 creatures vanquished.

Vanquished Creatures (others)
  4 toadstools (D:1)
4 creatures vanquished.

Grand Total: 48 creatures vanquished

Notes
Turn   | Place    | Note
-------+----------+-------------------------------------------
     0 | D:1      | tilp the Centaur Hunter began the quest for the Orb.
     0 | D:1      | Reached XP level 1. HP: 17/17 MP: 1/1
   169 | D:1      | Reached XP level 2. HP: 22/25 MP: 2/2
   770 | D:1      | Reached skill level 6 in Bows
   774 | D:1      | Reached XP level 3. HP: 28/30 MP: 3/3
  1340 | D:2      | Slain by an adder

Vault maps used:
D:1:      ldierk_walled_garden_2, palyth_stone_intersect,
          minmay_misc_feat_encased, minmay_misc_feat_chi, minmay_lizard_pond
D:2:      minmay_general_purpose_star, first_ration

Skill      XL: |  1  2  3 |
---------------+----------+-----
Bows           | 6 |  6.2
Fighting       | 3 |  3.1
Dodging        | |  1.3
Stealth        | |  0.4

Action                   || total
-------------------------++-------
Melee: Short sword       ||    98
       Kick              ||    15
 Fire: Shortbow          ||    28
  Use: Scroll            ||     2
       Potion            ||     1
Armor: Leather armour    ||    41
Dodge: Dodged            ||    56

Table legend:
 A = Non-vault XP
 B = Vault XP
 C = Vault XP percentage of total XP
 D = Non-vault monster count
 E = Vault monster count
 F = Vault count percentage of total count
                 A         B        C        D         E       F
            +---------+---------+-------+---------+---------+-------
      Total |      59 |       8 |  11.9 |      36 |       8 |  18.2
            +---------+---------+-------+---------+---------+-------
        D:1 |      50 |       8 |  13.8 |      31 |       8 |  20.5
        D:2 |       9 |       0 |   0.0 |       5 |       0 |   0.0
            +---------+---------+-------+---------+---------+-------
